 Dungeon Crawl Stone Soup version 0.31-a0-1009-g454b1f1e0a (webtiles) character file.

Game seed: 17790858334248142442

261121 Dirtsage the Metamorph (level 19, -10/207 HPs)
             Began as an Octopode Shapeshifter on Nov 15, 2023.
             Was an Initiate of Gozag.
             Shot with an arrow by a deep elf master archer (30 damage)
             ... on level 3 of the Elven Halls.
             The game lasted 01:57:29 (46638 turns).

Dirtsage the Metamorph (Octopode Shapeshifter)     Turns: 46638, Time: 01:57:30

Health: -10/207    AC: 17    Str: 24    XL:     19   Next: 95%
Magic:  12/30      EV: 24    Int: 13    God:    Gozag
Gold:   3525       SH:  0    Dex: 18    Spells: 24/32 levels left

rFire   + +          .
                       - Unarmed
rCold   + + +        (shield currently unavailable)
rNeg    + . .        (helmet currently unavailable)
rPois   +            y - amulet of Division {rC++ Regen+}
rElec   +            x - +5 ring of evasion
rCorr   +            C - ring "Sedwim" {rElec rN+ rCorr SInv}
SInv    +            o - +5 ring of evasion
Will    +++..        S - ring of protection from cold
Stlth   ++           I - ring of protection from cold
HPRegen 1.34/turn    O - ring of willpower
MPRegen 0.22/turn    p - ring of willpower
                     K - +4 ring of protection

%: no passive effects
@: dragon-form, flying, studying Staves
A: dragon claw, dragon scales, breathe fire, flying, boosted hp, almost no
armour, amphibious, 8 rings, giant, (camouflage 1), (gelatinous body 1), (nimble
swimmer 1), (tentacles)
}: 2/15 runes: serpentine, barnacled
a: Breathe Fire, Begin Untransformation, Renounce Religion, Potion Petition,
Call Merchant, Bribe Branch


You were on level 3 of the Elven Halls.
You worshipped Gozag.
Gozag was most pleased with you.
You were a fearsome dragon!
You visited 7 branches of the dungeon, and saw 34 of its levels.
You visited 1 bazaar.
You also visited: Ice Cave.

You collected 15900 gold pieces.
You spent 4257 gold pieces at shops.
You paid 8118 gold pieces to Gozag.

Inventory:

Missiles
 A - 7 curare-tipped darts
 N - 5 throwing nets
Jewellery
 o - a +5 ring of evasion (on tentacle)
 p - a ring of willpower (on tentacle)
 x - a +5 ring of evasion (left foreclaw)
 y - the amulet of Division (around neck) {rC++ Regen+}
   (You took it off a merfolk on level 4 of the Shoals)

   [amulet of regeneration]

   rC++:      It greatly protects you from cold.
   Regen+:    It increases your rate of health regeneration.
 C - the ring "Sedwim" (right foreclaw) {rElec rN+ rCorr SInv}
   (You bought it in a shop on level 4 of the Snake Pit)

   [ring of resist corrosion]

   rElec:     It insulates you from electricity.
   rN+:       It protects you from negative energy.
   SInv:      It lets you see invisible.
   rCorr:     It protects you from acid and corrosion.
 F - the ring "Ewycw" {Ice *Corrode MP+9 Int+6}
   (You found it on level 2 of the Elven Halls)

   [ring of ice]

   Ice:       It enhances your ice magic.
   Int+6:     It affects your intelligence (+6).
   rF-:       It makes you vulnerable to fire.
   rC+:       It protects you from cold.
   MP+9:      It affects your magic capacity (+9).
   *Corrode:  It may corrode you when you take damage.
 H - an amulet of reflection
 I - a ring of protection from cold (on tentacle)
 K - a +4 ring of protection (on tentacle)
 O - a ring of willpower (on tentacle)
 S - a ring of protection from cold (on tentacle)
Talismans
 R - a dragon-blood talisman (active)
Wands
 a - a wand of polymorph (13)
 e - a wand of roots (21)
 D - a wand of digging (11)
 G - a wand of mindburst (13)
 J - a wand of quicksilver (22)
 L - a wand of flame (34)
 Y - a wand of charming (24)
Scrolls
 b - 4 scrolls of revelation
 c - a scroll of butterflies
 g - 7 scrolls of fear
 n - a scroll of brand weapon
 r - 4 scrolls of amnesia
 s - 6 scrolls of fog
 t - 7 scrolls of teleportation
 w - a scroll of torment
 z - 6 scrolls of noise
 B - 4 scrolls of blinking
 P - a scroll of silence
 U - 2 scrolls of immolation
 V - 3 scrolls of vulnerability
 X - 6 scrolls of poison
Potions
 d - 5 potions of might
 f - 5 potions of mutation
 h - 3 potions of haste
 i - a potion of ambrosia
 j - 2 potions of enlightenment
 k - 5 potions of magic
 l - 3 potions of heal wounds
 m - 6 potions of attraction
 q - 13 potions of curing
 u - 4 potions of lignification
 v - 6 potions of brilliance
 M - a potion of berserk rage
 Q - 4 potions of cancellation
 W - a potion of invisibility
Miscellaneous
 E - a condenser vane
 Z - a phial of floods


   Skills:
 + Level 14.8 Fighting
 + Level 12.2 Dodging
 * Level 15.8 Unarmed Combat
 + Level 7.4 Spellcasting
 + Level 11.5 Translocations
 - Level 9.9 Air Magic
 - Level 7.3 Evocations
 - Level 18.3 Shapeshifting


You had 24 spell levels left.
You knew the following spells:

 Your Spells              Type           Power      Damage    Failure   Level
a - Manifold Assault      Tloc           34%        N/A       1%          4
b - Vhi's Electric Charg  Tloc/Air       64%        N/A       1%          4

Your spell library contained the following spells:

 Spells                   Type           Power      Damage    Failure   Level
 Apportation              Tloc           68%        N/A       1%          1
 Shock                    Conj/Air       68%        1d7       1%          1
 Blink                    Tloc           68%        N/A       1%          2
 Lesser Beckoning         Tloc           68%        N/A       1%          2
 Momentum Strike          Conj/Tloc      38%        3d9       1%          2
 Swiftness                Air            30%        N/A       1%          3
 Teleport Other           Tloc           34%        N/A       1%          3
 Passage of Golubria      Tloc           34%        N/A       1%          4
 Airstrike                Air            15%        2d(3-19)  2%          4
 Volatile Blastmotes      Fire/Tloc      38%        2d13      4%          3
 Cigotuvi's Dreadful Rot  Necr/Pois/Air  26%        N/A       5%          2
 Foxfire                  Conj/Fire      16%        2x1d4     14%         1
 Freeze                   Ice            16%        1d4       14%         1
 Kiss of Death            Conj/Necr      16%        2d6       14%         1
 Magic Dart               Conj           16%        1d3       14%         1
 Necrotise                Necr           16%        1d4       14%         1
 Sandblast                Erth           8%         2d5       14%         1
 Slow                     Hex            16%        N/A       14%         1
 Dimensional Bullseye     Hex/Tloc       9%         N/A       14%         4
 Iskenderun's Mystic Bla  Conj/Tloc      19%        2d6       14%         4
 Dispersal                Tloc           17%        N/A       21%         6
 Ensorcelled Hibernation  Hex/Ice        8%         N/A       22%         2
 Jinxbite                 Hex            8%         N/A       22%         2
 Passwall                 Tmut/Erth      3%         N/A       22%         2
 Searing Ray              Conj           8%         2d4       22%         2
 Summon Forest            Summ/Tloc      9%         N/A       36%         5
 Call Canine Familiar     Summ           4%         N/A       41%         3
 Confusing Touch          Hex            4%         N/A       41%         3
 Dazzling Flash           Conj/Hex       8%         N/A       41%         3
 Frozen Ramparts          Ice            8%         1d2       41%         3
 Hailstorm                Conj/Ice       4%         3d4       41%         3
 Ignite Poison            Fire/Tmut/Pois 4%         N/A       41%         3
 Inner Flame              Hex/Fire       4%         N/A       41%         3
 Ozocubu's Armour         Ice            4%         N/A       41%         3
 Sigil of Binding         Hex            4%         N/A       41%         3
 Stone Arrow              Conj/Erth      8%         3d7       41%         3
 Tukima's Dance           Hex            4%         N/A       41%         3
 Vampiric Draining        Necr           4%         2d6       41%         3
 Silence                  Hex/Air        8%         N/A       45%         5
 Freezing Cloud           Conj/Ice/Air   6%         6-21      71%         5
 Anguish                  Hex/Necr       2%         N/A       82%         4
 Brom's Barrelling Bould  Conj/Erth      4%         2d3       82%         4
 Cause Fear               Hex            2%         N/A       82%         4
 Flame Wave               Conj/Fire      4%         2d5       82%         4
 Fulminant Prism          Conj/Hex       2%         3d5       82%         4
 Leda's Liquefaction      Hex/Erth       2%         N/A       82%         4
 Sticky Flame             Conj/Fire      4%         2d3       82%         4
 Plasma Beam              Fire/Air       8%         2x1d19    96%         6
 Agony                    Necr           4%         N/A       99%         5
 Alistair's Intoxication  Tmut/Pois      2%         N/A       99%         5
 Fireball                 Conj/Fire      2%         3d4       99%         5
 Yara's Violent Unravell  Hex/Tmut       2%         3d3       99%         5
 Death Channel            Necr           2%         N/A       100%        6
 Eringya's Noxious Bog    Tmut/Pois      2%         4d6       100%        6
 Starburst                Conj/Fire      2%         6d3       100%        6
 Enfeeble                 Hex            2%         N/A       100%        7
 Haunt                    Necr/Summ      2%         N/A       100%        7
 Malign Gateway           Summ/Tloc      9%         N/A       100%        7
 Ozocubu's Refrigeration  Ice            2%         4d7       100%        7
 Summon Hydra             Summ           2%         N/A       100%        7
 Borgnjor's Revivificati  Necr           2%         N/A       100%        8
 Disjunction              Tloc           17%        N/A       100%        8
 Summon Horrible Things   Summ           2%         N/A       100%        8
 Dragon's Call            Summ           2%         N/A       100%        9
 Simulacrum               Ice/Necr       Unusable   N/A       N/A         6

Dungeon Overview and Level Annotations

Branches:
Dungeon (15/15)            Temple (1/1) D:6            Lair (5/5) D:11
 Shoals (4/4) Lair:2        Snake (4/4) Lair:3        Slime (0/5) Lair:5
    Orc (2/2) D:9             Elf (3/3) Orc:2        Vaults (0/5) D:14
 Depths (0/4) D:15          IceCv (visited)

Altars:
Ashenzari
Cheibriados
Dithmenos
Elyvilon
Fedhas
Gozag
Hepliaklqana
Kikubaaqudgha
Makhleb
Nemelex Xobeh
Okawaru
Qazlal
Ru
Sif Muna
Trog
Uskayaw
Vehumet
Wu Jian
Xom
Yredelemnul
Zin
The Shining One
Jiyva

Shops:
D:1 =   D:15 *   Orc:1 [   Orc:2 **[(*   Elf:1 *   Elf:2 :[((   Lair:4 *?!:
Shoals:1 =   Shoals:2 =   Shoals:3 ?*   Snake:4 [=

Annotations:
Elf:2 3 runed translucent doors
Elf:3 3 runed translucent doors, Maratek's ghost, adept MiFi


Innate Abilities, Weirdness & Mutations

You are a fearsome dragon!
You have a powerful clawing attack.
Your giant scaled body is strong and resilient, but less evasive.
You can breathe fire.
You are flying.
Your maximum health is greatly increased.
Your armour is entirely melded.
You are incapable of wielding weapons or throwing items.
You cannot wear most types of armour.
You are amphibious.
You can wear up to eight rings at the same time.
((Your skin changes colour to match your surroundings (Stealth+).))
((Your rubbery body absorbs attacks. (AC +1, EV +1)))
((You are camouflaged when in or above water. (Stealth+)))
((You have tentacles for arms and can constrict up to eight enemies at once.))


Message History

The deep elf master archer shoots an arrow.
The arrow barely misses you.
You closely miss the deep elf master archer.
You bite the deep elf master archer!
The deep elf master archer is heavily wounded.
The deep elf master archer shoots an arrow.
The arrow hits you!!
The deep elf master archer shoots an arrow.
The arrow closely misses you.
You take 26 damage, and have 70/207 hp.
You closely miss the deep elf master archer.
You bite the deep elf master archer!
The deep elf master archer is severely wounded.
The deep elf master archer shoots an arrow.
The arrow hits you!!
* * * LOW HITPOINT WARNING * * *
You take 25 damage, and have 45/207 hp.
You miss the deep elf master archer.
Your tail-slap misses the deep elf master archer.
You claw the deep elf master archer!
The deep elf master archer is almost dead.
The deep elf master archer shoots an arrow.
The arrow hits you!
* * * LOW HITPOINT WARNING * * *
The deep elf annihilator mumbles some strange words.
The deep elf annihilator blinks!
You take 15 damage, and have 30/207 hp.
You barely miss the deep elf master archer.
The deep elf master archer is almost dead.
The deep elf master archer unwields a +0 longbow.
The deep elf master archer hits you!
* * * LOW HITPOINT WARNING * * *
You take 11 damage, and have 19/207 hp.
You miss the deep elf master archer. You claw the deep elf master archer!
The deep elf master archer is almost dead.
The deep elf master archer wields a +0 longbow.
The deep elf master archer shoots an arrow.
The arrow hits you!!
You die...
Your body crumbles into a pile of gold.

..........................#
..........................#
....................e.....#
...................[.4..2.#
#####....$...$########e...#
...........$.........#e...#
..............$......#e...#
.....................#e4..#
..).............D....#$...#
#'#......########e...#3...#
................#....#.e..#
.)#....#........#....#....#
..#....#........#..[.#....#
..#.[..#!.......#....'....#
..#....#........#....#....#
..#....#........#....#.ยง..#
..#....#........#....#....#


You could see a deep elf master archer.

Vanquished Creatures
  Saint Roka (Orc:2)
  Vashnia (Snake:4)
  The ghost of Ymoomn the Bludgeoner, an adept MiBe of Trog (Snake:3)
  2 deep elf blademasters (Elf:3)
  A quicksilver dragon (Snake:4)
  Frances (Shoals:2)
  Kirke (Lair:5)
  Aizul (Snake:2)
  The ghost of Ufav Mom the Severer, an adept HOMo of the Shining One (Snake:3)
  A storm dragon (Shoals:4)
  The ghost of Vorhees the Severer, an adept HuFi of Lugonu (Snake:2)
  5 nagarajas (Snake:4)
  2 deep elf sorcerers
  Louise (Snake:3)
  2 deep elf elementalists (Elf:3)
  A reaper (IceCv)
  A stone giant (D:15)
  3 deep elf demonologists (Elf:3)
  Nessos (Lair:5)
  Azrael (Snake:3)
  4 deep elf annihilators (Elf:3)
  An ettin (Orc:2)
  5 merfolk javelineers (Shoals:4)
  A deep elf death mage (Elf:1)
  A fire dragon (Lair:5)
  8 merfolk impalers
  4 deep elf high priests (Elf:3)
  A vault guard (D:14)
  An ogre mage (D:15)
  Fannar (D:12)
  A merfolk avatar (Shoals:3)
  13 anacondas
  7 hydras
  2 salamander tyrants
  2 centaur warriors
  8 merfolk aquamancers (Shoals:4)
  9 two-headed ogres
  12 dancing weapons
  9 naga warriors
  5 alligator snapping turtles
  8 death yaks
  A boulder beetle (D:14)
  2 alligators
  A satyr (Shoals:4)
  6 tengu warriors
  9 shock serpents
  25 naga sharpshooters
  Sonja (D:11)
  9 deep elf knights
  A fire crab (Lair:5)
  2 orc high priests (Orc:2)
  3 skysharks
  3 salamander mystics
  5 goliath frogs (Snake:4)
  12 sea snakes
  12 deep elf archers
  10 harpies
  An arcanist (D:14)
  30 deep elf pyromancers
  2 orc knights
  6 naga ritualists
  14 deep elf zephyrmancers
  4 orc sorcerers (Orc:2)
  10 ugly things
  11 mana vipers
  14 manticores
  5 cyclopes
  A salamander (shapeshifter) (D:14)
  15 salamanders
  4 elephants
  Joseph (D:8)
  2 molten gargoyles (Lair:5)
  6 guardian serpents
  12 cane toads
  3 ice statues
  41 black mambas
  2 merfolk sirens
  9 naga magi
  8 water nymphs
  3 rime drakes
  An ice devil (IceCv)
  2 anaconda simulacra (IceCv)
  A freezing wraith (Lair:3)
  A kobold demonologist (D:10)
  9 komodo dragons
  2 hornets
  A wolf spider simulacrum (D:15)
  7 trolls
  2 polar bears
  18 merfolk
  Grinder (D:3)
  15 blink frogs
  13 wind drakes
  11 snapping turtles
  8 dream sheep
  Sigmund (D:2)
  16 slime creatures
  A shock serpent simulacrum (Snake:2)
  27 water elementals
  2 spectral black mambas (Snake:2)
  A dire elephant simulacrum (IceCv)
  12 air elementals
  3 wraiths
  A vampire (D:12)
  8 wyverns
  A salamander simulacrum (Snake:2)
  A spectral naga (Snake:2)
  6 basilisks
  A chaos spawn (Elf:3)
  36 yaks
  4 fire elementals
  4 hogs (Lair:5)
  6 vampire mosquitoes
  3 steam dragons (Lair:5)
  3 wargs
  2 death yak simulacra (IceCv)
  25 nagas
  2 harpy simulacra (IceCv)
  An acid dragon (D:11)
  8 hell hounds
  27 water moccasins
  Pargi (D:3)
  A guardian serpent simulacrum (Snake:2)
  10 ice beasts
  2 sky beasts (D:8)
  9 black bears
  33 orc warriors
  A black mamba simulacrum (Snake:2)
  8 ogres
  11 centaurs
  2 kobold brigands (D:8)
  A phantom (D:7)
  12 bullfrogs
  3 two-headed ogre simulacra (IceCv)
  An earth elemental (Elf:1)
  A gnoll sergeant (D:10)
  7 scorpions
  2 cane toad simulacra (IceCv)
  11 wights
  2 elephant simulacra (IceCv)
  19 killer bees
  4 howler monkeys
  8 electric eels
  A crimson imp (D:14)
  2 hounds (D:5)
  8 lava snakes
  7 jellies
  33 orc priests
  3 sleepcaps
  Jessica (D:2)
  3 iguanas
  21 orc wizards
  A hell rat (Lair:1)
  Natasha (thrice) (D:3)
  Terence (D:3)
  3 polar bear simulacra (IceCv)
  7 troll simulacra (IceCv)
  3 wolf simulacra (IceCv)
  6 spriggan simulacra (IceCv)
  4 gnolls (D:10)
  12 adders
  10 naga simulacra
  A shadow imp (D:8)
  5 white imps
  7 ufetubi (IceCv)
  3 dart slugs
  93 orcs
  2 bats
  7 endoplasms
  A giant cockroach (D:3)
  4 goblins
  4 hobgoblins
  13 jackals
  9 kobolds
  5 quokkas
  7 ball pythons
  2 frilled lizards
  6 rats
  A butterfly (Lair:4)
1180 creatures vanquished.

Vanquished Creatures (others)
  2 deep elf zephyrmancers (Elf:1)
  A naga mage (Snake:3)
  A human (Lair:5)
4 creatures vanquished.

Grand Total: 1184 creatures vanquished

Notes
Turn   | Place    | Note
-------+----------+-------------------------------------------
     0 | D:1      | Dirtsage the Octopode Shapeshifter began the quest for the
                  | Orb.
     0 | D:1      | Reached XP level 1. HP: 13/13 MP: 1/1
    60 | D:1      | Reached XP level 2. HP: 9/18 MP: 2/2
   338 | D:1      | Reached XP level 3. HP: 23/23 MP: 3/3
   489 | D:1      | Found Qeuwn's Jewellery Boutique.
   957 | D:2      | Reached XP level 4. HP: 29/29 MP: 4/4
  1100 | D:2      | Reached skill level 4 in Shapeshifting
  1222 | D:2      | Noticed Sigmund
  1233 | D:2      | Noticed Jessica
  1241 | D:2      | Killed Jessica
  1550 | D:3      | Reached XP level 5. HP: 35/35 MP: 5/5
  1585 | D:3      | Found a shadowy altar of Dithmenos.
  1586 | D:3      | Noticed Natasha
  1586 | D:3      | Noticed Terence
  1605 | D:3      | Killed Natasha
  1611 | D:3      | Killed Terence
  1662 | D:3      | Identified a scroll of acquirement
  1768 | D:3      | Noticed a water moccasin
  1782 | D:3      | Killed a water moccasin
  1783 | D:3      | Reached XP level 6. HP: 42/42 MP: 6/6
  2056 | D:3      | Noticed Grinder
  2065 | D:3      | Killed Grinder
  2066 | D:3      | Reached skill level 5 in Shapeshifting
  2066 | D:3      | Reached XP level 7. HP: 22/46 MP: 7/7
  2168 | D:3      | Noticed Pargi
  2187 | D:3      | Killed Pargi
  2247 | D:3      | Noticed Natasha
  2330 | D:3      | Killed Natasha
  2393 | D:3      | Noticed Natasha
  2400 | D:3      | Killed Natasha
  2863 | D:4      | Reached skill level 5 in Unarmed Combat
  2906 | D:4      | Reached skill level 6 in Shapeshifting
  3232 | D:5      | Entered Level 5 of the Dungeon
  3540 | D:5      | Reached XP level 8. HP: 54/54 MP: 8/8
  4295 | D:6      | Reached skill level 7 in Shapeshifting
  4411 | D:6      | Found a staircase to the Ecumenical Temple.
  4417 | D:6      | Reached skill level 5 in Fighting
  4461 | Temple   | Entered the Ecumenical Temple
  4476 | Temple   | Became a worshipper of Gozag Ym Sagoz the Greedy
  4574 | D:6      | Reached XP level 9. HP: 49/61 MP: 9/9
  4712 | D:6      | Reached skill level 8 in Shapeshifting
  4937 | D:6      | Acquired 811 gold pieces
  5011 | D:1      | Bought a ring of protection from cold for 275 gold pieces
  5011 | D:1      | Bought a +5 ring of evasion for 396 gold pieces
  5011 | D:1      | Bought a ring of poison resistance for 220 gold pieces
  5176 | D:6      | Acquired 747 gold pieces
  5245 | D:1      | Bought a +6 ring of dexterity for 396 gold pieces
  5245 | D:1      | Bought a +6 ring of strength for 396 gold pieces
  5504 | D:7      | Noticed a hornet
  5592 | D:7      | Killed a hornet
  5593 | D:7      | Reached skill level 9 in Shapeshifting
  6577 | D:8      | Noticed an eight-headed hydra
  6659 | D:8      | Reached XP level 10. HP: 69/69 MP: 10/10
  6877 | D:8      | Noticed Joseph
  6960 | D:8      | Killed Joseph
  7097 | D:8      | Found a radiant altar of Vehumet.
  7200 | D:8      | Found a shimmering blue altar of Sif Muna.
  7200 | D:8      | Found a stormy altar of Qazlal.
  7212 | D:8      | Reached skill level 10 in Shapeshifting
  7432 | D:8      | Identified the +0 robe "Rialut" {Str+5 SInv}
  7554 | D:9      | Identified the "Mimnely"
  8094 | D:9      | Noticed a two-headed ogre
  8098 | D:9      | Killed a two-headed ogre
  8164 | D:9      | Found a staircase to the Orcish Mines.
  8242 | D:9      | Reached skill level 11 in Shapeshifting
  8419 | D:9      | Reached XP level 11. HP: 77/77 MP: 11/11
  8434 | D:9      | Noticed a manticore
  8447 | D:9      | Killed a manticore
  8868 | D:10     | Entered Level 10 of the Dungeon
  9555 | D:10     | Noticed a two-headed ogre
  9563 | D:10     | Killed a two-headed ogre
  9564 | D:10     | Reached skill level 12 in Shapeshifting
  9792 | D:1      | Bought a dragon-blood talisman for 660 gold pieces
  9832 | D:2      | Killed Sigmund
 10036 | D:8      | Killed an eight-headed hydra
 10343 | D:11     | Noticed a two-headed ogre
 10349 | D:11     | Killed a two-headed ogre
 10492 | D:11     | Reached skill level 10 in Unarmed Combat
 10498 | D:11     | Reached XP level 12. HP: 86/86 MP: 12/12
 10524 | D:11     | Found a staircase to the Lair.
 10548 | D:11     | Noticed Sonja
 10551 | D:11     | Killed Sonja
 10607 | D:11     | Found a frozen archway.
 10620 | IceCv    | Entered an ice cave
 10800 | IceCv    | Identified the +7 halberd of the Shining Light {flame,
                  | rElec}
 11194 | IceCv    | Noticed a reaper
 11222 | IceCv    | Killed a reaper
 11223 | IceCv    | Reached skill level 13 in Shapeshifting
 11231 | IceCv    | Reached skill level 10 in Fighting
 11702 | IceCv    | Identified the +6 dagger "Zoyskaeb" {freeze, rElec rF-
                  | Will++ Int+8}
 11999 | D:12     | Noticed Fannar
 12007 | D:12     | Killed Fannar
 12136 | D:12     | You are sucked into a shaft and drop 1 floor!
 12174 | D:12     | Reached skill level 5 in Dodging
 13023 | D:15     | Identified the of Wuga
 13023 | Lair:1   | Entered Level 1 of the Lair of Beasts
 13048 | Lair:1   | Reached XP level 13. HP: 93/93 MP: 13/13
 13133 | Lair:1   | Reached skill level 14 in Shapeshifting
 13829 | Lair:1   | Identified the +4 ring mail "Tanuoso" {rF+ Dex+8}
 14146 | Lair:2   | Acquired 772 gold pieces
 14296 | Lair:2   | Found a staircase to the Shoals.
 15248 | Lair:3   | Learned a level 4 spell: Manifold Assault
 15885 | Lair:3   | Reached skill level 1 in Translocations
 16058 | Lair:3   | Found a staircase to the Snake Pit.
 16306 | Lair:4   | Reached skill level 1 in Evocations
 16317 | Lair:4   | Reached XP level 14. HP: 65/101 MP: 14/14
 16592 | Lair:4   | Bought a potion of curing for 42 gold pieces
 16595 | Lair:4   | Bought a scroll of identify for 32 gold pieces
 16595 | Lair:4   | Bought a scroll of blinking for 120 gold pieces
 16595 | Lair:4   | Bought a scroll of identify for 32 gold pieces
 16595 | Lair:4   | Bought a scroll of teleportation for 48 gold pieces
 16595 | Lair:4   | Bought a scroll of revelation for 120 gold pieces
 16607 | Lair:5   | Entered Level 5 of the Lair of Beasts
 16625 | Lair:5   | Reached skill level 15 in Shapeshifting
 17628 | Lair:4   | You are sucked into a shaft and drop 1 floor!
 18700 | Lair:5   | Noticed Kirke
 18710 | Lair:5   | Killed Kirke
 18814 | Lair:5   | Found a large runed translucent door.
 18814 | Lair:5   | Found a large runed translucent door.
 19152 | Lair:5   | Noticed Nessos
 19159 | Lair:5   | Killed Nessos
 19344 | Lair:5   | Found a viscous altar of Jiyva.
 19356 | Lair:5   | Found a staircase to the Slime Pits.
 20167 | Orc:1    | Entered Level 1 of the Orcish Mines
 20237 | Orc:1    | Found Maroar's Antique Armour Emporium.
 20453 | Orc:2    | Entered Level 2 of the Orcish Mines
 20681 | Orc:2    | Reached XP level 15. HP: 108/108 MP: 15/15
 20686 | Orc:2    | Noticed Saint Roka
 21016 | Orc:2    | Found a staircase to the Elven Halls.
 21197 | Orc:2    | Killed Saint Roka
 21503 | Orc:2    | Reached skill level 5 in Evocations
 21584 | Orc:2    | Reached skill level 16 in Shapeshifting
 22088 | Orc:2    | Found Boxkye's Antique Armour Boutique.
 22091 | Orc:2    | Found Guwn's Antique Weapon Shop.
 22147 | Orc:2    | Found Verack's Assorted Antiques.
 22192 | Orc:2    | Found Ygenwonn's Assorted Antiques.
 22197 | Orc:2    | Reached skill level 5 in Translocations
 22324 | Orc:2    | Bought a potion of heal wounds for 120 gold pieces
 23371 | D:13     | Found a glowing golden altar of the Shining One.
 24526 | D:14     | Found a gate to the Vaults.
 24839 | D:15     | Entered Level 15 of the Dungeon
 25529 | D:15     | Reached XP level 16. HP: 116/116 MP: 16/16
 25755 | D:15     | Learned a level 4 spell: Vhi's Electric Charge
 25883 | D:15     | Found a staircase to the Depths.
 26325 | Snake:1  | Entered Level 1 of the Snake Pit
 26332 | Snake:1  | Reached skill level 1 in Air Magic
 27189 | Snake:1  | Found a snail-covered altar of Cheibriados.
 28482 | Snake:2  | Reached skill level 5 in Air Magic
 28545 | Snake:2  | Reached skill level 17 in Shapeshifting
 28684 | Snake:2  | Found a runed translucent gate.
 28684 | Snake:2  | Found a runed translucent gate.
 28685 | Snake:2  | Found a runed translucent gate.
 28685 | Snake:2  | Noticed Vorhees's ghost (adept HuFi)
 28909 | Snake:2  | Identified the serpent talisman of Darkness {MP+9}
 28909 | Snake:2  | Noticed Aizul
 28917 | Snake:2  | Killed Aizul
 29805 | Snake:2  | Killed Vorhees's ghost
 29894 | Snake:2  | Identified the +7 trident of the Lair of Beasts {freeze,
                  | Drain rF+ Dex+3 Stlth+}
 30172 | Snake:3  | Reached XP level 17. HP: 122/122 MP: 17/17
 30671 | Snake:3  | Reached skill level 1 in Spellcasting
 31200 | Snake:3  | Noticed Azrael
 31251 | Snake:3  | Killed Azrael
 31605 | Snake:3  | Found a runed translucent gate.
 31606 | Snake:3  | Found a runed translucent gate.
 31607 | Snake:3  | Found a runed translucent gate.
 31608 | Snake:3  | Noticed Ufav Mom's ghost (adept HOMo)
 31608 | Snake:3  | Noticed Ymoomn's ghost (adept MiBe)
 31632 | Snake:3  | Killed Ymoomn's ghost
 31650 | Snake:3  | Killed Ufav Mom's ghost
 31973 | Snake:3  | Identified the +6 dagger of Pestilence {spect, Int+3 Dex+2
                  | SInv Stlth-}
 32231 | Snake:3  | Noticed Louise
 32236 | Snake:3  | Killed Louise
 32468 | Snake:4  | Entered Level 4 of the Snake Pit
 32489 | Snake:4  | Found an opulent altar of Gozag.
 32960 | Snake:4  | Reached skill level 10 in Dodging
 33204 | Snake:4  | Noticed a quicksilver dragon
 33953 | Snake:4  | Killed a quicksilver dragon
 34169 | Snake:4  | Found Gityow's Armour Shoppe.
 34171 | Snake:4  | Noticed Vashnia
 34623 | Snake:4  | Bought the ring "Sedwim" {rElec rN+ rCorr SInv} for 424
                  | gold pieces
 34626 | Snake:4  | Bought a ring of protection from cold for 250 gold pieces
 35322 | Snake:4  | Killed Vashnia
 35323 | Snake:4  | Reached XP level 18. HP: 129/129 MP: 0/24
 36483 | Snake:4  | Got a serpentine rune of Zot
 36762 | Shoals:1 | Entered Level 1 of the Shoals
 37163 | Shoals:1 | Found Jumout's Jewellery Boutique.
 37226 | Shoals:1 | Bought an amulet of reflection for 480 gold pieces
 37641 | Shoals:2 | Found a flickering gateway to a bazaar.
 37675 | Bazaar   | Entered a bazaar
 37706 | Bazaar   | Found Purph's Antique Weapon Shoppe.
 37706 | Bazaar   | Found Nettau's Armour Emporium.
 37728 | Bazaar   | Found Vuburph's Assorted Antiques.
 37728 | Bazaar   | Found Tatay's Book Emporium.
 37795 | Bazaar   | Bought a scroll of blinking for 127 gold pieces
 37985 | Shoals:2 | Noticed Frances
 37999 | Shoals:2 | Killed Frances
 38077 | Shoals:2 | Found Liehelon's One-of-a-Kind Rings.
 38311 | Shoals:2 | Reached skill level 5 in Spellcasting
 38514 | Shoals:3 | Found Ygyroluf's Magic Scroll Shop.
 38529 | Shoals:3 | Reached skill level 10 in Translocations
 38754 | Shoals:3 | Reached skill level 18 in Shapeshifting
 38934 | Shoals:3 | Bought a scroll of teleportation for 51 gold pieces
 38934 | Shoals:3 | Bought a scroll of fear for 68 gold pieces
 39263 | Shoals:3 | Found Duigg's Mass Market.
 39469 | Shoals:3 | Found a sacrificial altar of Ru.
 39807 | Shoals:4 | Entered Level 4 of the Shoals
 40703 | Shoals:4 | Paralysed by an air elemental for 1 turns
 41388 | Shoals:4 | Found a bloodstained altar of Trog.
 42130 | Shoals:4 | Reached XP level 19. HP: 136/136 MP: 19/28
 42372 | Shoals:4 | Identified the +7 halberd "Wesu" {drain, rN+ Will+}
 42372 | Shoals:4 | Identified the amulet of Division {rC++ Regen+}
 42563 | Shoals:4 | Got a barnacled rune of Zot
 42565 | Shoals:4 | Identified the +8 short sword "Veseno" {pain, rElec rF-
                  | Dex+6}
 42996 | Depths:4 | Identified the "Kihos"
 42996 | Elf:1    | Entered Level 1 of the Elven Halls
 43326 | Elf:1    | Found Ydghaj's Gadget Gallery.
 43801 | Elf:1    | Reached skill level 15 in Unarmed Combat
 43894 | Elf:1    | Found the +18 shield of the Gong {Loud rN+ Will+ rCorr
                  | EV-5}
 44541 | Elf:2    | Found Cauntaec's Armour Shop.
 44552 | Elf:2    | Found Yrucep's Antique Weapon Boutique.
 44659 | Elf:2    | Identified the ring "Ewycw" {Ice *Corrode MP+9 Int+6}
 44784 | Elf:2    | Found a runed translucent gate.
 44784 | Elf:2    | Found a runed translucent gate.
 44784 | Elf:2    | Found a runed translucent gate.
 44956 | Elf:2    | Found Femot's Weapon Boutique.
 44988 | Elf:2    | Found Xoqurr's Book Boutique.
 45237 | Elf:3    | Identified the of Boveudgh
 45237 | Elf:3    | Identified the "Roidikog"
 45237 | Elf:3    | Entered Level 3 of the Elven Halls
 45315 | Elf:3    | Found a runed translucent gate.
 45315 | Elf:3    | Found a runed translucent gate.
 45315 | Elf:3    | Found a runed translucent gate.
 45316 | Elf:3    | Noticed Maratek's ghost (adept MiFi)
 46622 | Elf:3    | Identified the ring "Ridorugo" {Wiz rPois}
 46638 | Elf:3    | Shot with an arrow by a deep elf master archer

Illustrated notes

Levels and vault maps discovered:
D:1:      saegor_arrival_simple_e, layout_basic, serial_shops, shop,
          minmay_fountain_box, chequers_arboretum,
          chequers_serial_rivers_micro_d, minmay_pentomino_s4
D:2:      layout_rooms, uniq_sigmund, uniq_jessica
D:3:      layout_basic, nicolae_dithmenos_the_darkroom, dk_noncrumbling_4,
          uniq_pargi, uniq_natasha, uniq_grinder, uniq_terence
D:4:      minmay_spotlight, layout_loops_ring, solitary_fountain
D:5:      layout_gridville
D:6:      layout_basic, minmay_temple_entry_stoned_glass
D:7:      layout_basic
D:8:      layout_basic, grunt_temple_overflow_open,
          mainiacjoe_overflow_cross_hatched, nicolae_zen_rock_garden,
          kennysheep_island_fort, uniq_joseph
D:9:      layout_basic, david_orc_1_choice, minmay_fractal_squares_gapless_7
D:10:     layout_small_grid, minmay_misc_feat_chi, nrook_loot_triangle
D:11:     layout_basic, due_lair_maze_entry_diamond,
          portal_ice_cave_entry_pillars_2, uniq_sonja
D:12:     layout_irregular_city, uniq_fannar
D:13:     layout_gridville, minivault_16, tso_altar
D:14:     layout_loops_ring, erik_vaults_1, serial_bayou, serial_bayou_ford_a,
          serial_bayou_pond_e, serial_bayou_pond_e, serial_bayou_lagoon_a,
          lightli_wizard_tower
D:15:     grunt_enter_depths_snipers, layout_loops_corners,
          hangedman_decor_clover_reticule
Temple:   eino_narrow_crystal_temple
Lair:1:   layout_regular_city, nicolae_lair_lakeside_cave, grunt_megastairs_2,
          infiniplex_staircase_pool, lemuel_fruit_fields
Lair:2:   layout_loops_ring, minmay_shoals_entry_hut
Lair:3:   layout_regular_city, nicolae_snake_entry_warm_welcome, ice2_lemuel
Lair:4:   layout_hall_layers, chequers_serial_rivers_room_b, lemuel_fruit_fields
Lair:5:   cheibrodos_lair_end_hotspot, layout_cave_pods,
          nicolae_slime_entry_field_trip, uniq_nessos, uniq_kirke
Shoals:1: layout_shoals, serial_shops, shop
Shoals:2: nicolae_shoals_island_circles, layout_shoals, serial_shops,
          bzr_entry_islet, nicolae_shop_unique_rings, uniq_frances
Shoals:3: layout_shoals, serial_shops, shop_fountains, minmay_shop_mass,
          lemuel_centaur_altar
Shoals:4: shoals_end_hellmonk_storm_palace [storm_palace_center_circular,
          storm_palace_corner_narrow, storm_palace_corner_altar,
          storm_palace_corner_grid, storm_palace_corner_grid], serial_shops
Snake:1:  layout_layer_cave, basic_altar, nicolae_triple_integral
Snake:2:  layout_basic, gammafunk_ghost_necromancy, serial_bayou_shore_b,
          uniq_aizul
Snake:3:  layout_honeycomb, gammafunk_ghost_cemetery,
          nicolae_snake_salamander_stairs, serial_bayou_shore_a, uniq_louise,
          uniq_azrael
Snake:4:  hellmonk_snake_rune_quicksilver_temple, layout_layer_cave,
          basic_altar, serial_shops, nicolae_shop_advertising_works
          [nicolae_subvault_shop_adworks],
          nicolae_snake_herptile_family_reunion, uniq_vashnia
Orc:1:    layout_caves, serial_shops, shop
Orc:2:    grunt_orc_community_town_hall, layout_caves,
          grunt_orc_community_big_house_1, grunt_orc_community_big_house_2,
          grunt_orc_community_house_3, grunt_orc_community_house_2,
          grunt_orc_community_house_1, grunt_orc_community_house_2,
          minmay_orc_temple_b
Elf:1:    minmay_elf_arrival_circle, layout_rooms, hangedman_corner_corridor,
          nicolae_shop_gadgets
Elf:2:    nicolae_elf_blades_splatter_lattice [grunt_blade_entry_basic],
          layout_geoelf_grid, serial_shops, shop, shop, shop,
          nicolae_book_shop_shelving
Elf:3:    minmay_elf_hall_furrowed, layout_onion_city,
          ebering_ghost_rock_garden, nicolae_elf_free_trip_to_the_abyss

Skill      XL: |  1  2  3  4  5  6  7  8  9 10 11 12 13 14 15 16 17 18 19 |
---------------+----------------------------------------------------------+-----
Fighting       | 2 3 4 5 6 8 9 10 11 12 13 14 | 14.8
Shapeshifting  | 4 5 6 7 9 11 12 13 14 15 16 17 18 | 18.3
Unarmed Combat | 4 5 6 7 8 10 11 12 13 14 15 | 15.8
Dodging        | 3 5 7 8 9 10 11 12 | 12.2
Translocations | 1 4 6 8 9 10 11 | 11.5
Evocations     | 1 4 6 7 |  7.3
Air Magic      | 7 9 |  9.9
Spellcasting   | 4 6 7 |  7.4

Action                     |  1- 3 |  4- 6 |  7- 9 | 10-12 | 13-15 | 16-18 | 19-21 || total
---------------------------+-------+-------+-------+-------+-------+-------+-------++-------
  Melee: Unarmed           |    57 |    68 |   215 |   475 |   955 |  1057 |   342 ||  3169
         Constrict         |    12 |    16 |    42 |    95 |       |       |       ||   165
         Tentacles         |     8 |    11 |    21 |       |       |       |       ||    40
         Punch             |     2 |     4 |     5 |     8 |    75 |    83 |    25 ||   202
         Tailslap          |       |       |       |    12 |   135 |   155 |    50 ||   352
         Bite              |       |       |       |     5 |    89 |   135 |    31 ||   260
   Cast: Manifold Assault  |       |       |       |       |       |   127 |    58 ||   185
         Vhi's Electric Ch |       |       |       |       |       |     9 |    26 ||    35
 Invoke: Call Merchant     |       |       |       |       |     5 |     2 |       ||     7
         Potion Petition   |       |       |       |       |     1 |     1 |       ||     2
Ability: Breathe Fire      |       |       |       |     1 |     1 |     2 |       ||     4
  Evoke: Wand              |       |       |       |    16 |       |    10 |       ||    26
    Use: Potion            |       |     2 |     3 |     2 |     3 |     5 |       ||    15
         Scroll            |       |       |    11 |     5 |    17 |     9 |     1 ||    43
   Stab: Sleeping          |     7 |     3 |     6 |     1 |     3 |     2 |       ||    22
         Distracted        |       |       |       |     8 |     9 |     5 |     2 ||    24
 Armour: Skin              |    16 |    36 |    87 |   181 |   365 |   542 |   137 ||  1364
  Dodge: Dodged            |    29 |    27 |   155 |   456 |   766 |   907 |   165 ||  2505
  Block: Other             |       |       |       |       |       |    72 |    33 ||   105
         Reflection        |       |       |       |       |       |     8 |     8 ||    16
   Form: Anaconda          |       |       |     1 |       |       |       |       ||     1
         Dragon            |       |       |       |     1 |       |       |       ||     1

Table legend: (Time is in decaauts)
 A = Elapsed time spent in this place.
 B = Non-inter-level travel time spent in this place.
 C = Inter-level travel time spent in this place.
 D = Time resting spent in this place.
 E = Time spent auto-exploring this place.
 F = Levels seen in this place.
 G = Mean time per level.
                   A        B        C        D        E       F      G
               +--------+--------+--------+--------+--------+-----+--------+
         Total |  45983 |  43151 |   2832 |   3421 |  33230 |  36 | 1277.3 |
       Dungeon |  15583 |  13990 |   1593 |    577 |  11347 |  15 | 1038.9 |
        Temple |     30 |      2 |     28 |      0 |      0 |   1 |   30.0 |
          Lair |   7138 |   6569 |    569 |    841 |   4730 |   5 | 1427.6 |
        Shoals |   5764 |   5517 |    247 |    208 |   4426 |   4 | 1441.0 |
     Snake Pit |  10247 |  10078 |    169 |    655 |   8233 |   4 | 2561.8 |
  Orcish Mines |   2425 |   2272 |    153 |    472 |   1326 |   2 | 1212.5 |
   Elven Halls |   3566 |   3495 |     71 |    238 |   2677 |   3 | 1188.7 |
        Bazaar |    148 |    148 |      0 |      0 |     88 |   1 |  148.0 |
      Ice Cave |   1078 |   1078 |      0 |    429 |    402 |   1 | 1078.0 |
               +--------+--------+--------+--------+--------+-----+--------+

Top non-repeatable levels by time:
 Snake:4: 3742 daAuts
 Snake:3: 2932 daAuts
Shoals:4: 2853 daAuts
   Orc:2: 1969 daAuts
  Lair:5: 1825 daAuts
 Snake:1: 1793 daAuts
 Snake:2: 1780 daAuts
     D:8: 1526 daAuts
  Lair:3: 1519 daAuts
     D:9: 1468 daAuts
  Lair:4: 1387 daAuts
  Lair:2: 1374 daAuts
    D:15: 1319 daAuts
   Elf:3: 1237 daAuts
   Elf:1: 1206 daAuts
